 Dungeon Crawl Stone Soup version 0.22-a0-280-g69bf1f3 (webtiles) character file.

2314 Deaus the Cleaver (level 9, -7/46 HPs)
             Began as a Vine Stalker Fighter on Mar 17, 2018.
             Mangled by an orc warrior
             ... wielding a +0 hand axe
              (12 damage)
             ... on level 6 of the Dungeon.
             The game lasted 00:13:42 (4520 turns).

Deaus the Cleaver (Vine Stalker Fighter)            Turns: 4520, Time: 00:13:44

Health: -7/46      AC: 16    Str: 21    XL:     9   Next: 41%
Magic:  0/10       EV:  6    Int:  8    God:
Gold:   309        SH: 10    Dex: 15    Spells: 8/8 levels left

rFire    + . .     SeeInvis .   C - +2 war axe (vamp)
rCold    x . .     Gourm    .   c - +0 shield
rNeg     . . .     Faith    .   w - +3 chain mail
rPois    .         Spirit   +   i - +2 helmet
rElec    .         Reflect  .   x - +0 cloak
rCorr    .         Harm     .   (no gloves)
MR       +....                  (no boots)
Stlth    ..........             (no amulet)
HPRegen  0.55/turn              j - ring of fire
MPRegen  0.12/turn              (no ring)

@: no status effects
A: fangs 3, regeneration 1, magic shield, antimagic bite, no potion heal 3, rot
immunity
a: no special abilities


You were on level 6 of the Dungeon.
You were not hungry.

You visited 1 branch of the dungeon, and saw 6 of its levels.

You collected 309 gold pieces.

Inventory:

Hand Weapons
 a - a +0 war axe
 b - the +3 mace of Loaroni {antimagic, rElec Int+5 Dex-3 Stlth+}
   (You found it on level 4 of the Dungeon)

   It reduces the magical energy of the wielder, and disrupts the spells and
   magical abilities of those hit.
   Natural abilities and divine invocations are not affected.
   It affects your intelligence (+5).
   It affects your dexterity (-3).
   It insulates you from electricity.
   It makes you more stealthy.
 C - a +2 vampiric war axe (weapon)
Armour
 c - a +0 shield (worn)
 i - a +2 helmet (worn)
 w - a +3 chain mail (worn)
 x - a +0 cloak (worn)
Jewellery
 j - a ring of fire (left hand)
Wands
 v - a wand of digging (11)
Scrolls
 e - 2 scrolls of teleportation {unknown}
 g - 4 scrolls of remove curse {unknown}
 h - 2 scrolls of identify
 k - 3 scrolls of amnesia {unknown}
 l - 2 scrolls of enchant armour {unknown}
 n - a scroll of fear {unknown}
 o - a scroll of noise {unknown}
 q - a scroll of enchant weapon {unknown}
 r - a scroll of blinking {unknown}
 t - 2 scrolls of immolation {unknown}
 u - a scroll of random uselessness {unknown}
 y - a scroll of fog {unknown}
 B - a scroll of torment {unknown}
Potions
 d - a potion of might
 m - 4 potions of curing
 p - a potion of flight
 s - a potion of agility {unknown}
 z - a potion of lignification {unknown}
Comestibles
 f - 8 rations
 A - 5 chunks of flesh


   Skills:
 + Level 4.3 Fighting
 * Level 9.1 Axes
 + Level 4.3 Armour
 - Level 1.2 Dodging
 + Level 4.8 Shields


You had 8 spell levels left.
You didn't know any spells.

Dungeon Overview and Level Annotations

Branches:
Dungeon (6/15)
 Temple: D:4-7

Altars:
Dithmenos
Elyvilon
Makhleb


Innate Abilities, Weirdness & Mutations

You have razor-sharp teeth.
Your natural rate of healing is unusually fast.
When hurt, damage is shared between your health and your magic reserves.
Your bite disrupts and absorbs the magic of your enemies.
Potions cannot restore your health.
You are immune to rotting.


Message History

Your chain mail prevents you from hitting the orc warrior.
You bite the orc warrior, but do no damage.
The orc warrior hits you with a hand axe!
The orc warrior hits you but does no damage.
You are too injured to fight recklessly!
You are too injured to fight recklessly!
You closely miss the orc warrior.
You bite the orc warrior, but do no damage.
The orc priest mumbles some strange prayers to Beogh against you.
Beogh smites you!
* * * LOW HITPOINT WARNING * * *
The orc warrior barely misses you.
You hit the orc warrior but do no damage.
You bite the orc warrior! You drain its power.
You feel invigorated.
The orc warrior is moderately wounded.
The orc priest mumbles some strange prayers to Beogh against you.
Beogh smites you!
* * * LOW HITPOINT WARNING * * *
The orc warrior hits you with a hand axe!
You die...

#.....# ######.
#.....###......
#..............
##...###.......
####..).(........
#....#.##........
##.####.##........
#..# #.##........
#@## ...#..>.....
#o# ...#........
#o.# #...##.......
...o.
#...###..[..#
........ #####.#
........... ...
............ ....
............#
#....
..........#.# ..


You could see an orc warrior, an orc priest and an orc.

Vanquished Creatures
  Grinder (D:6)
  Sigmund (D:6)
  The ghost of skwerlee the Chopper, an amateur HOFi (D:3)
  A hungry ghost (D:6)
  Eustachio (D:6)
  Menkaure (D:4)
  A phantom (D:6)
  2 ogres
  A centaur (D:6)
  A bullfrog (D:6)
  Blork the orc (D:4)
  A scorpion (D:4)
  2 howler monkeys (D:5)
  2 crimson imps
  A bullfrog zombie (D:5)
  A hound (D:4)
  A jelly (D:6)
  5 orc wizards
  Crazy Yiuf (D:4)
  3 orc priests
  Natasha (twice) (D:4)
  3 iguanas
  3 worker ants
  4 gnolls (D:5)
  10 adders
  2 adder skeletons
  An adder zombie (D:5)
  3 worms (D:2)
  4 dart slugs
  2 leopard geckos (D:3)
  13 orcs
  5 giant cockroaches
  5 hobgoblins
  10 jackals
  6 quokkas
  7 bats
  6 frilled lizards
  5 goblins
  2 kobolds
  A leopard gecko zombie (D:6)
  A quokka zombie (D:6)
  6 rats
130 creatures vanquished.

Notes
Turn   | Place    | Note
-------+----------+-------------------------------------------
     0 | D:1      | Deaus the Vine Stalker Fighter began the quest for the Orb.
     0 | D:1      | Reached XP level 1. HP: 11/11 MP: 2/2
   563 | D:1      | Reached XP level 2. HP: 14/16 MP: 3/3
   676 | D:2      | Found a shadowy altar of Dithmenos.
   718 | D:2      | Reached skill level 2 in Axes
  1111 | D:2      | Reached XP level 3. HP: 9/19 MP: 1/4
  1347 | D:2      | Gained mutation: Your natural rate of healing is unusually fast. [Vine Stalker growth]
  1347 | D:2      | Reached XP level 4. HP: 21/23 MP: 5/5
  1375 | D:2      | Reached skill level 3 in Axes
  1756 | D:3      | Noticed an ogre
  1818 | D:2      | Killed an ogre
  1818 | D:2      | Reached XP level 5. HP: 28/28 MP: 6/6
  1847 | D:3      | Reached skill level 4 in Axes
  1850 | D:3      | Reached skill level 1 in Dodging
  1986 | D:3      | Noticed skwerlee's ghost (amateur HOFi)
  2042 | D:3      | HP: 1/28 [skwerlee's ghost (6)]
  2193 | D:3      | Killed skwerlee's ghost
  2193 | D:3      | Reached XP level 6. HP: 27/32 MP: 5/7
  2234 | D:3      | Found a white marble altar of Elyvilon.
  2441 | D:3      | Reached skill level 5 in Axes
  2753 | D:4      | Reached XP level 7. HP: 36/36 MP: 8/8
  2781 | D:4      | Noticed Menkaure
  2852 | D:4      | Killed Menkaure
  2895 | D:4      | Noticed Natasha
  2899 | D:4      | Killed Natasha
  2916 | D:4      | Found a burning altar of Makhleb.
  3018 | D:4      | Reached skill level 6 in Axes
  3039 | D:4      | Noticed Blork the orc
  3043 | D:4      | Killed Blork the orc
  3043 | D:4      | Gained mutation: You have razor-sharp teeth. [Vine Stalker growth]
  3043 | D:4      | Reached XP level 8. HP: 36/40 MP: 9/9
  3276 | D:4      | Noticed Natasha
  3282 | D:4      | Killed Natasha
  3512 | D:4      | Found a runed door.
  3516 | D:4      | Noticed Crazy Yiuf
  3521 | D:4      | Killed Crazy Yiuf
  3599 | D:4      | Got a brightly glowing mace
  3600 | D:4      | Identified the +3 mace of Loaroni {antimagic, rElec Int+5 Dex-3 Stlth+} (You found it on level 4 of the Dungeon)
  3653 | D:5      | Entered Level 5 of the Dungeon
  3712 | D:5      | Reached skill level 7 in Axes
  4199 | D:6      | Noticed Eustachio
  4239 | D:6      | Killed Eustachio
  4239 | D:6      | Reached skill level 8 in Axes
  4239 | D:6      | Reached XP level 9. HP: 42/45 MP: 10/10
  4317 | D:6      | Noticed Grinder
  4331 | D:6      | Paralysed by Grinder for 7 turns
  4349 | D:6      | Killed Grinder
  4447 | D:6      | Noticed Sigmund
  4459 | D:6      | Killed Sigmund
  4459 | D:6      | Reached skill level 9 in Axes
  4520 | D:6      | Mangled by an orc warrior

Vault maps used:
D:1:      minmay_arrival_jagged, hangedman_decor_clover_reticule,
          serial_park_tiny_1, minmay_misc_feat_more_columns
D:2:      first_ration, grunt_dithmenos_smoke
D:3:      elyvilon_altar_5
D:4:      kennysheep_small_circle, uniq_natasha, uniq_crazy_yiuf_cottage,
          uniq_menkaure, uniq_blork_the_orc
D:6:      serial_bayou_pond_d, uniq_eustachio, uniq_sigmund, uniq_grinder

Skill      XL: |  1  2  3  4  5  6  7  8  9 |
---------------+----------------------------+-----
Shields        | 3 4 |  4.8
Axes           | 2 3 4 5 6 8 9 |  9.1
Fighting       | 3 4 |  4.3
Dodging        | 1 |  1.2
Armour         | 3 4 |  4.3

Action                   |  1- 3 |  4- 6 |  7- 9 || total
-------------------------+-------+-------+-------++-------
Melee: War axe           |    68 |   157 |   284 ||   509
       Bite              |    11 |    45 |    81 ||   137
  Use: Potion            |       |       |     5 ||     5
       Scroll            |       |       |     1 ||     1
  Eat: Chunk             |     1 |     5 |     6 ||    12
       Ration            |       |       |     3 ||     3
Armor: Scale mail        |    41 |    53 |       ||    94
       Chain mail        |       |    15 |   144 ||   159
       Plate armour      |       |     9 |       ||     9
Dodge: Dodged            |    28 |    26 |    62 ||   116
Block: Shield            |    52 |    72 |   121 ||   245

Table legend:
 A = Spawn XP
 B = Non-spawn XP
 C = Spawn XP percentage of total XP
 D = Spawn monster count
 E = Non-spawn monster count
 F = Spawn count percentage of total count
 G = Total turns spent on level
                    A         B        C        D         E        F      G
               +---------+---------+-------+---------+---------+-------+---------
         Total |       0 |    3306 |   0.0 |       0 |     130 |   0.0 |  4520
               +---------+---------+-------+---------+---------+-------+---------
           D:1 |       0 |      10 |   0.0 |       0 |       6 |   0.0 |   676
           D:2 |       0 |     231 |   0.0 |       0 |      27 |   0.0 |  1089
           D:3 |       0 |     356 |   0.0 |       0 |      36 |   0.0 |   988
           D:4 |       0 |     911 |   0.0 |       0 |      26 |   0.0 |   900
           D:5 |       0 |     416 |   0.0 |       0 |      17 |   0.0 |   488
           D:6 |       0 |    1382 |   0.0 |       0 |      18 |   0.0 |   379
               +---------+---------+-------+---------+---------+-------+---------
